 Dungeon Crawl Stone Soup version 0.30.0-29-ga12c61a403 (webtiles) character file.

Game seed: 10394724595418409712

119 BONEBRO the Caller (level 5, -9/42 HPs)
             Began as a Merfolk Summoner on June 25, 2023.
             Killed by an exploding themself (33 damage)
             ... ignited by their inner flame
             ... on level 4 of the Dungeon.
             The game lasted 00:11:34 (2885 turns).

BONEBRO the Caller (Merfolk Summoner)               Turns: 2885, Time: 00:11:34

Health: -9/42      AC:  6    Str: 10    XL:     5   Next: 3%
Magic:  4/8        EV: 12    Int: 21    God:
Gold:   172        SH:  5    Dex: 14    Spells: 4/8 levels left

rFire   . . .        y - +3 whip
rCold   . . .        (no shield)
rNeg    . . .        F - +2 robe of Gravity {Will+ Archmagi}
rPois   .            (no helmet)
rElec   .            j - +0 cloak
rCorr   .            (no gloves)
SInv    .            q - +0 pair of boots
Will    +....        m - amulet of reflection
Stlth   ++           f - +6 ring of intelligence
HPRegen 0.27/turn    (no ring)
MPRegen 0.11/turn

%: reflection, archmagi
@: no status effects
A: (nimble swimmer 2), mertail
a: no special abilities


You were on level 4 of the Dungeon.
You visited 1 branch of the dungeon, and saw 5 of its levels.

You collected 172 gold pieces.

Inventory:

Hand Weapons
 e - a +0 dagger
 h - a +0 short sword
 l - a +0 club
 v - a +0 hand axe
 w - a +0 flail
 y - a +3 whip (weapon)
Missiles
 n - 5 boomerangs
 o - 4 poisoned darts
Armour
 a - a +0 robe
 c - a +0 leather armour
 j - a +0 cloak (worn)
 q - a +0 pair of boots (worn)
 t - a +2 ring mail of cold resistance
 F - the +2 robe of Gravity (worn) {Will+ Archmagi}
   (You found it on level 4 of the Dungeon)

   Archmagi:  It increases the power of your magical spells.
   Will:      It increases your willpower.
Jewellery
 f - a +6 ring of intelligence (left hand)
 m - an amulet of reflection (around neck)
 p - an amulet of faith
Scrolls
 d - 7 scrolls of identify {unknown}
 r - a scroll of blinking {unknown}
 s - 2 scrolls of poison {unknown}
 u - a scroll of fear {unknown}
 x - a scroll of vulnerability {unknown}
 D - a scroll of teleportation {unknown}
 E - 2 scrolls of amnesia {unknown}
Potions
 b - a potion of magic
 g - 3 potions of mutation {unknown}
 i - 2 potions of attraction {unknown}
 k - 3 potions of curing {unknown}
 z - a potion of invisibility {unknown}
 A - 2 potions of degeneration {unknown}
 B - 2 potions of cancellation {unknown}
 C - 2 potions of heal wounds {unknown}
 G - a potion of haste {unknown}
 H - a potion of lignification {unknown}


   Skills:
 + Level 3.7 Fighting
 - Level 2.6 Dodging
 - Level 2.1 Stealth
 - Level 2.0 Spellcasting
 - Level 5.0 Summonings


You had 4 spell levels left.
You knew the following spells:

 Your Spells              Type           Power      Damage    Failure   Level
a - Summon Small Mammal   Summ           100%       N/A       1%          1
b - Summon Guardian Gole  Hex/Summ       18%        N/A       16%         3

Your spell library contained the following spells:

 Spells                   Type           Power      Damage    Failure   Level
 Call Imp                 Summ           68%        N/A       2%          2
 Call Canine Familiar     Summ           34%        N/A       5%          3
 Scorch                   Fire           6%         2d5       22%         2
 Frozen Ramparts          Ice            6%         1d1       41%         3
 Summon Ice Beast         Ice/Summ       18%        N/A       45%         4
 Summon Lightning Spire   Summ/Air       18%        N/A       45%         4
 Flame Wave               Conj/Fire      3%         2d5       82%         4
 Ice Form                 Ice/Tmut       3%         N/A       82%         4
 Summon Cactus Giant      Summ           17%        N/A       96%         6


Dungeon Overview and Level Annotations

Branches:
Dungeon (5/15)
 Temple: D:4-7

Altars:
Makhleb
Uskayaw

Annotations:
D:4 Menkaure


Innate Abilities, Weirdness & Mutations

((You are very nimble when in or above water. (Stealth+, EV+, Speed+++)))
Your lower body shifts to a powerful aquatic tail in water.


Message History

You climb downwards.
Level annotation: Menkaure
There is a stone staircase leading up here.
There is a stone staircase leading down here.
Casting: Summon Guardian Golem (dangerous; 16% risk of failure)
Confirm with . or Enter, or press ? or * to list all spells.
You feel a surge of power!
Casting: Summon Small Mammal (safe; 1% risk of failure)
Confirm with . or Enter, or press ? or * to list all spells.
You feel a surge of power!
Casting: Summon Small Mammal (safe; 1% risk of failure)
Confirm with . or Enter, or press ? or * to list all spells.
You feel a surge of power!
A guardian golem appears, shielding your allies.
Your quokka closely misses Menkaure.
Your quokka bites Menkaure.
Menkaure hits your quokka!
Your quokka barely misses Menkaure.
Your quokka closely misses Menkaure.
Menkaure calls on the powers of darkness!
Your quokka convulses!
Your body is wracked with pain!
Your quokka bites Menkaure.
Your quokka bites Menkaure.
Your quokka barely misses Menkaure.
Menkaure hits your guardian golem.
Your quokka bites Menkaure but does no damage.
Your quokka bites Menkaure.
Your quokka bites Menkaure.
Menkaure hits your quokka!!
Your quokka dies!
Your quokka's corpse disappears in a puff of smoke!
Your quokka bites Menkaure.
Your quokka bites Menkaure.
Menkaure hits your quokka!!
Your quokka dies!
Your quokka's corpse disappears in a puff of smoke!
Your guardian golem overheats!
Menkaure shouts!
Menkaure hits your guardian golem!!
Your guardian golem disappears in a puff of smoke!
Your guardian golem explodes!
The fiery explosion engulfs you!!
Ouch! That really hurt!
You die...

.9.....#.#.........##.......#
...#######....###..##.......#
...# #...# #...##.......#
...# ##.)#.^#..##.......#
...# #..#b##.....####### ...#
## #s#.§....# ?..# . #§§M..>#
...# # ##§§§...# ...#
##.@§§...# ####
#....#...########
#....#.....##...#
####>#.....#.##...#
#..........#..#...#
##...##.##........#
#..)##.######....# ###...##.#
##...# ##.....##.# #...###


You could see Menkaure.

Vanquished Creatures
  Robin (D:2)
  2 adders
  A dart slug (D:1)
  2 orcs
  3 endoplasms
  3 giant cockroaches
  7 goblins
  2 hobgoblins
  3 jackals (D:3)
  6 kobolds
  A ball python (D:3)
  7 bats
  A rat (D:3)
39 creatures vanquished.

Vanquished Creatures (collateral kills)
  An adder (D:4)
  6 ball pythons
  2 bats
  3 endoplasms
  A giant cockroach (D:1)
  6 goblins
  A hobgoblin (D:1)
  3 kobolds
  A quokka (D:1)
  2 frilled lizards
  2 rats (D:1)
28 creatures vanquished.

Grand Total: 67 creatures vanquished

Notes
Turn   | Place    | Note
-------+----------+-------------------------------------------
     0 | D:1      | BONEBRO the Merfolk Summoner began the quest for the Orb.
     0 | D:1      | Reached XP level 1. HP: 13/13 MP: 3/3
   324 | D:1      | Reached XP level 2. HP: 15/19 MP: 5/5
   558 | D:1      | Reached XP level 3. HP: 20/24 MP: 6/6
   631 | D:1      | Reached skill level 5 in Summonings
  1068 | D:2      | Reached skill level 1 in Fighting
  1376 | D:2      | Found a hide-covered altar of Uskayaw.
  1552 | D:2      | Noticed Robin
  1556 | D:2      | Reached XP level 4. HP: 30/33 MP: 4/7
  1563 | D:2      | Killed Robin
  2231 | D:3      | Found a faded altar of an unknown god.
  2433 | D:4      | Found a burning altar of Makhleb.
  2441 | D:4      | Identified the +2 robe of Gravity {Will+ Archmagi}
  2490 | D:4      | Reached XP level 5. HP: 41/41 MP: 8/8
  2493 | D:4      | Noticed Menkaure
  2512 | D:5      | Entered Level 5 of the Dungeon
  2694 | D:4      | Learned a level 3 spell: Summon Guardian Golem
  2750 | D:4      | Noticed an ogre
  2885 | D:4      | Killed by an exploding themself... ignited by their inner
                  | flame

Illustrated notes

Levels and vault maps discovered:
D:1:      lightli_arrival_flooded_house, layout_basic, serial_aquarium,
          aquarium_bridge_straight [aquarium_subvault_bridge,
          aquarium_subvault_window, aquarium_subvault_bridge,
          aquarium_subvault_balcony], aquarium_window_fake, aquarium_window_2,
          aquarium_window_corner, aquarium_window_corridor_1, aquarium_view_2b
D:2:      layout_basic, basic_altar, dreamdust_princess_corridor, uniq_robin
D:3:      layout_loops_ring, ebering_ecumenical_altar_mist
D:4:      old_forge, layout_rooms, bloody_makhleb, nicolae_ru_awakened_eye,
          uniq_menkaure
D:5:      layout_basic, minmay_temple_entry_nine_rooms, uniq_pikel, uniq_edmund

Skill      XL: |  1  2  3  4 |
---------------+-------------+-----
Summonings     | 5 |  5.0
Fighting       | 2 3 |  3.7
Dodging        | |  2.6
Stealth        | |  2.1
Spellcasting   | |  2.0

Action                     |  1- 3 |  4- 6 || total
---------------------------+-------+-------++-------
  Melee: Unarmed           |     6 |       ||     6
         Short sword       |    57 |       ||    57
         Punch             |     2 |     1 ||     3
         Club              |    33 |       ||    33
         Hand axe          |     6 |    14 ||    20
         Flail             |       |    33 ||    33
         Whip              |       |    38 ||    38
   Cast: Summon Small Mamm |    38 |    18 ||    56
         Summon Guardian G |       |     3 ||     3
   Stab: Sleeping          |     1 |     1 ||     2
         Distracted        |     1 |       ||     1
 Armour: Leather armour    |    29 |    30 ||    59
         Robe              |     1 |     7 ||     8
  Dodge: Dodged            |    69 |    70 ||   139
  Block: Other             |     8 |    26 ||    34
         Reflection        |       |     2 ||     2
